 Dungeon Crawl Stone Soup version 0.30.0-11-gf55b779eaf (webtiles) character file.

Game seed: 15910548822812444034

5616 jasper the Covert (level 10, -12/49 HPs)
             Began as a Spriggan Venom Mage on May 16, 2023.
             Was a Believer of Vehumet.
             Mangled by a black mamba (17 damage)
             ... on level 1 of the Lair of Beasts.
             The game lasted 00:17:26 (9834 turns).

jasper the Covert (Spriggan Venom Mage)             Turns: 9834, Time: 00:17:27

Health: -12/49     AC:  3    Str:  4    XL:     10   Next: 45%
Magic:  12/15      EV: 29    Int: 22    God:    Vehumet [**....]
Gold:   296        SH:  7    Dex: 21    Spells: 5/15 levels left

rFire   . . .        q - +2 war axe (venom)
rCold   . . .        e - +1 buckler
rNeg    + . .        m - +1 robe {rN+}
rPois   .            (helmet restricted)
rElec   .            (no cloak)
rCorr   .            (gloves unavailable)
SInv    +            (boots unavailable)
Will    +....        (no amulet)
Stlth   +++++        d - +5 ring of evasion
HPRegen 0.28/turn    y - +6 ring of dexterity
MPRegen 0.14/turn

%: no passive effects
@: very quick
A: very small, no large weapons, unfitting armour, see invisible, speed 3
a: Renounce Religion


You were on level 1 of the Lair of Beasts.
You worshipped Vehumet.
Vehumet was pleased with you.
You visited 3 branches of the dungeon, and saw 10 of its levels.

You collected 338 gold pieces.
You spent 42 gold pieces at shops.

Inventory:

Hand Weapons
 f - a +0 short sword
 q - a +2 war axe of venom (weapon)
Missiles
 v - 2 throwing nets
 B - 5 atropa-tipped darts
Armour
 a - a +0 robe
 e - a +1 buckler (worn)
 m - a +1 robe of positive energy (worn)
 C - a +0 troll leather armour
Magical Staves
 b - the staff of poison "Ustredwou" {rPois rF+ rC- Will+++ SInv}
   (You acquired it on level 1 of the Lair of Beasts)

   [staff of poison]

   Base accuracy: +5 Base damage: 5 Base attack delay: 1.2 This weapon's minimum
   attack delay (0.6) is reached at skill level 12.
   rF:        It protects you from fire.
   rC:        It makes you vulnerable to cold.
   rPois:     It protects you from poison.
   SInv:      It lets you see invisible.
   Will:      It greatly increases your willpower.
   It falls into the 'Staves' category.
   It is a two-handed weapon.
Jewellery
 d - a +5 ring of evasion (left hand)
 k - a +6 ring of strength
 u - a ring of protection from cold
 w - a ring of protection from cold
 y - a +6 ring of dexterity (right hand)
Wands
 c - a wand of flame (2)
 j - a wand of quicksilver (7)
 s - a wand of digging (3)
 z - a wand of roots (7)
Scrolls
 h - a scroll of teleportation
 o - a scroll of blinking
 p - a scroll of noise
 r - 2 scrolls of magic mapping
 t - 2 scrolls of fear
 E - a scroll of enchant weapon
Potions
 g - 2 potions of curing
 i - a potion of might
 l - a potion of flight
 n - 2 potions of degeneration
 x - 3 potions of lignification
 A - a potion of mutation {unknown}


   Skills:
 + Level 3.9 Fighting
 * Level 9.0 Dodging
 - Level 10.0 Stealth
 - Level 6.0 Shields
 - Level 3.0 Spellcasting
 - Level 1.0 Conjurations
 - Level 1.3 Transmutations
 - Level 1.0 Air Magic
 - Level 8.0 Poison Magic
 - Level 5.5 Evocations


You had 5 spell levels left.
You knew the following spells:

 Your Spells              Type           Power      Damage    Failure   Level
a - Sting                 Tmut/Pois      92%        1d7       3%          1
b - Poisonous Vapours     Pois/Air       46%        N/A       4%          2
c - Mephitic Cloud        Conj/Pois/Air  18%        N/A       16%         3
d - Olgreb's Toxic Radia  Pois           38%        N/A       8%          4

Your spell library contained the following spells:

 Spells                   Type           Power      Damage    Failure   Level
 Static Discharge         Conj/Air       14%        2-3/arc   22%         2
 Shock                    Conj/Air       28%        1d4       14%         1
 Kiss of Death            Conj/Necr      20%        2d7       17%         1
 Swiftness                Air            7%         N/A       38%         3
 Confusing Touch          Hex            3%         N/A       54%         3
 Airstrike                Air            3%         2d(1-17)  80%         4
 Dispel Undead            Necr           3%         3d7       91%         4


Dungeon Overview and Level Annotations

Branches:
Dungeon (8/15)             Temple (1/1) D:5            Lair (1/5) D:8

Altars:
Ashenzari
Cheibriados
Dithmenos
Elyvilon
Gozag
Hepliaklqana
Kikubaaqudgha
Makhleb
Nemelex Xobeh
Okawaru
Qazlal
Ru
Sif Muna
Trog
Uskayaw
Vehumet
Wu Jian
Xom
Yredelemnul
Zin

Shops:
D:2 !

Annotations:
D:8 Erica


Innate Abilities, Weirdness & Mutations

You are very small and have problems with some larger weapons.
You are too small for most types of armour.
You have supernaturally acute eyesight. (SInv)
You cover ground extremely quickly. (Speed+++)


Message History

The water moccasin looks as sick as possible!
The water moccasin is severely wounded.
The bullfrog looks even sicker.
Your toxic aura wanes.
The water moccasin completely misses you. x2
A black mamba comes into view.
You slash the water moccasin!
You kill the water moccasin!
Vehumet accepts your kill.
You feel your power returning. The bullfrog completely misses you. x2
You regained 2 mp, and now have 10/15 mp.
You kill the bullfrog!
Vehumet accepts your kill.
Your Dodging skill increases to level 9!
Unknown command.
A black mamba is nearby!
Aiming: Quicksilver Bolt
Press: ? - help, Shift-Dir - straight line, f - black mamba
Aim: a black mamba (57% to hit)
The bolt of dispelling energy misses the black mamba.
The black mamba completely misses you.
Aiming: Quicksilver Bolt
Press: ? - help, Shift-Dir - straight line, f/p - black mamba
Aim: a black mamba (57% to hit)
The bolt of dispelling energy hits the black mamba!!
The black mamba is severely wounded.
The black mamba completely misses you. You block the black mamba's attack.
Aiming: Quicksilver Bolt
Press: ? - help, Shift-Dir - straight line, f/p - black mamba
Aim: a black mamba (heavily wounded, 57% to hit)
The bolt of dispelling energy hits the black mamba!
The black mamba is almost dead.
You block the black mamba's attack. The black mamba bites you!
* * * LOW HITPOINT WARNING * * *
You take 17 damage, and have 4/49 hp.
MASSIVE DAMAGE!!
Aiming: Throw Flame
Press: ? - help, Shift-Dir - straight line, p - black mamba The puff of flame misses the black mamba.
The black mamba bites you!
You die...

### . ###### ###.#
##... #.....
##.S.##.....# #.....
##S.##†S.# ### #.....
#.###########.# #.....
#†# #####...####.....
#.## ##.#...#.†#.#.....
##.###@...#####........
#...S#.### ####.....
######## ######.....
........... ...........
........... ...........
........... ...........


You could see a black mamba.

Vanquished Creatures
  A deep troll (D:8)
  Pikel (D:4)
  A cyclops (D:7)
  A troll (D:8)
  A hornet (D:5)
  Sigmund (D:2)
  A wyvern (D:7)
  A wraith (D:8)
  2 basilisks (Lair:1)
  4 water moccasins
  2 sky beasts
  A black bear (D:6)
  An ice beast (D:6)
  3 ogres
  2 centaurs
  8 wolves
  A kobold brigand (D:8)
  Blork the orc (D:6)
  5 bullfrogs
  3 scorpions
  A jelly (D:4)
  7 hounds
  2 orc priests
  4 iguanas
  2 orc wizards
  2 sleepcaps
  A gnoll bouda (D:8)
  7 gnolls
  6 adders
  A shadow imp (D:7)
  3 ufetubi
  2 worms
  2 dart slugs
  17 orcs
  8 ball pythons
  2 bats
  4 endoplasms
  3 giant cockroaches
  2 goblins
  6 hobgoblins
  4 quokkas
  4 frilled lizards
  12 kobolds
  3 rats
  2 butterflies (D:5)
148 creatures vanquished.

Notes
Turn   | Place    | Note
-------+----------+-------------------------------------------
     0 | D:1      | jasper the Spriggan Venom Mage began the quest for the Orb.
     0 | D:1      | Reached XP level 1. HP: 9/9 MP: 5/5
   363 | D:1      | Found a faded altar of an unknown god.
   618 | D:1      | Reached XP level 2. HP: 13/13 MP: 4/6
   621 | D:1      | Learned a level 2 spell: Poisonous Vapours
   887 | D:2      | Noticed Sigmund
  1261 | D:2      | Found Socis's Distillery.
  1378 | D:2      | Found the +1 Delatra's gloves {ID++}
  1392 | D:2      | Reached XP level 3. HP: 10/16 MP: 0/8
  1397 | D:2      | Learned a level 3 spell: Mephitic Cloud
  1785 | D:2      | Bought a potion of curing for 42 gold pieces
  1955 | D:2      | Killed Sigmund
  1956 | D:2      | Reached XP level 4. HP: 21/21 MP: 2/9
  1956 | D:2      | Reached XP level 5. HP: 24/24 MP: 2/10
  2719 | D:3      | Reached XP level 6. HP: 28/28 MP: 0/11
  2837 | D:3      | Learned a level 4 spell: Olgreb's Toxic Radiance
  3788 | D:4      | Reached skill level 1 in Conjurations
  3788 | D:4      | Reached skill level 1 in Air Magic
  3875 | D:4      | Found a bloodstained altar of Trog.
  3876 | D:4      | Noticed Pikel
  3913 | D:4      | Killed Pikel
  3914 | D:4      | Reached XP level 7. HP: 32/32 MP: 2/12
  4796 | D:5      | Entered Level 5 of the Dungeon
  4797 | D:5      | Found a staircase to the Ecumenical Temple.
  4819 | Temple   | Entered the Ecumenical Temple
  4986 | Temple   | Became a worshipper of Vehumet
  5165 | D:5      | HP: 1/32 [poisoned by miscasting Olgreb's Toxic Radiance]
  5248 | D:4      | Reached XP level 8. HP: 29/36 MP: 1/13
  5356 | D:5      | Noticed a hornet
  5367 | D:5      | Killed a hornet
  5368 | D:5      | Reached skill level 5 in Shields
  6233 | D:6      | Noticed Blork the orc
  6234 | D:6      | Reached skill level 1 in Evocations
  6512 | D:6      | Reached skill level 1 in Fighting
  6641 | D:6      | Killed Blork the orc
  6641 | D:6      | Reached * piety under Vehumet
  6641 | D:6      | Offered knowledge of Freeze by Vehumet.
  6642 | D:6      | Reached skill level 4 in Stealth
  6752 | D:6      | Found a hide-covered altar of Uskayaw.
  6752 | D:6      | Noticed a +0 dagger
  6752 | D:6      | Noticed a +0 dagger
  6821 | D:6      | Found a stormy altar of Qazlal.
  7309 | D:7      | Reached XP level 9. HP: 41/41 MP: 6/14
  7495 | D:7      | Found a glowing silver altar of Zin.
  7633 | D:7      | Reached skill level 5 in Stealth
  7757 | D:7      | Noticed a cyclops
  7772 | D:7      | Killed a cyclops
  7775 | D:7      | Reached skill level 5 in Dodging
  7903 | D:7      | Reached skill level 6 in Stealth
  8229 | D:8      | Noticed a troll
  8230 | D:8      | Reached skill level 5 in Evocations
  8231 | D:8      | Reached skill level 7 in Stealth
  8245 | D:8      | Reached ** piety under Vehumet
  8245 | D:8      | Offered knowledge of Static Discharge by Vehumet.
  8303 | D:8      | Reached skill level 8 in Stealth
  8468 | D:8      | Found a staircase to the Lair.
  8486 | D:8      | Killed a troll
  8487 | D:8      | Reached XP level 10. HP: 49/49 MP: 6/15
  8633 | D:8      | Noticed a deep troll
  8634 | D:8      | Noticed a deep troll
  8635 | D:8      | Noticed a deep troll
  8695 | D:8      | Killed a deep troll
  8696 | D:8      | Reached skill level 9 in Stealth
  8788 | D:8      | Noticed Erica
  9174 | Lair:1   | Entered Level 1 of the Lair of Beasts
  9226 | Lair:1   | Identified a scroll of acquirement
  9227 | Lair:1   | Acquired the staff of poison "Ustredwou" {rPois rF+ rC-
                  | Will+++ SInv}
  9516 | Lair:1   | Reached skill level 10 in Stealth
  9817 | Lair:1   | Noticed a black mamba
  9834 | Lair:1   | Mangled by a black mamba

Illustrated notes

Levels and vault maps discovered:
D:1:      mrwooster_arrival_statue_3, layout_basic, basic_ecumenical_altar
D:2:      layout_loops_ring, serial_shops, nicolae_shop_industrial_runoff,
          minmay_misc_feat_cross, ebering_dispersal_statue_hall,
          pf_guarded_unrand_delatra, uniq_sigmund
D:3:      layout_loops_corners
D:4:      layout_loops_corners, trog_three_pillars_becter, uniq_pikel
D:5:      layout_cave_pools, minmay_temple_entry_butterflies
D:6:      layout_basic, mainiacjoe_overflow_paths, dancing_weapons_uskayaw,
          uniq_blork_the_orc
D:7:      cheibrodos_iron_armory, layout_loops_ring, zin_statuary
D:8:      layout_basic, erik_lair_island,
          hellmonk_guarded_unrand_vitality_bloodlust, uniq_erica
Temple:   eino_narrow_crystal_temple
Lair:1:   minmay_guarded_unrand_snakebite, layout_regular_city, serial_bayou,
          serial_bayou_pond_b, serial_bayou_pond_b, serial_bayou_crossing,
          serial_bayou_shore_a, minmay_lair_oklob_bushes,
          gammafunk_lair_bear_cave, serial_bayou_shore_b

Skill      XL: |  1  2  3  4  5  6  7  8  9 10 |
---------------+-------------------------------+-----
Poison Magic   | 4 6 7 8 |  8.0
Spellcasting   | 3 |  3.0
Conjurations   | 1 |  1.0
Air Magic      | 1 |  1.0
Shields        | 3 4 6 |  6.0
Dodging        | 4 7 9 |  9.0
Evocations     | 2 5 |  5.5
Fighting       | 1 3 |  3.9
Stealth        | 4 8 10 | 10.0
Transmutations | |  1.3

Action                     |  1- 3 |  4- 6 |  7- 9 | 10-12 || total
---------------------------+-------+-------+-------+-------++-------
  Melee: Short sword       |    22 |    14 |    14 |       ||    50
         War axe           |       |       |   125 |    44 ||   169
   Cast: Sting             |    33 |    42 |    44 |    21 ||   140
         Poisonous Vapours |    21 |    21 |    45 |    25 ||   112
         Olgreb's Toxic Ra |       |     3 |     8 |    12 ||    23
         Mephitic Cloud    |       |       |     8 |     4 ||    12
  Evoke: Wand              |       |       |     2 |     4 ||     6
    Use: Scroll            |     3 |     1 |     8 |     5 ||    17
         Potion            |       |       |     7 |     3 ||    10
   Stab: Sleeping          |     1 |       |     1 |       ||     2
         Distracted        |       |       |     1 |       ||     1
         Confused          |       |       |     2 |       ||     2
 Armour: Robe              |     2 |       |    14 |     8 ||    24
         Skin              |       |       |     9 |       ||     9
  Dodge: Dodged            |    26 |    33 |   173 |    87 ||   319
  Block: Buckler           |       |       |    80 |    23 ||   103
